 Dungeon Crawl Stone Soup version 0.28.0-1-gb440e238dd (webtiles) character file.

Game seed: 464833254730989782

7079 RepoMan the Scribe (level 10, -19/76 HPs)
             Began as a Demonspawn Wanderer on Feb 19, 2022.
             Was a Priest of Sif Muna.
             Demolished by a two-headed ogre (23 damage)
             ... on level 11 of the Dungeon.
             The game lasted 02:32:31 (13636 turns).

RepoMan the Scribe (Demonspawn Wanderer)           Turns: 13636, Time: 02:32:34

Health: -19/76     AC: 12    Str: 13    XL:     10   Next: 84%
Magic:  0/19       EV: 11    Int: 21    God:    Sif Muna [***...]
Gold:   235        SH:  0    Dex: 15    Spells: 0/21 levels left

rFire   + . .      SeeInvis .   L - +4 trident
rCold   . . .      Faith    .   (no shield)
rNeg    + . .      Spirit   +   T - +7 Cigotuvi's embrace {rMiasma Drain rN+}
rPois   .          Reflect  .   (helmet restricted)
rElec   +          Harm     .   (no cloak)
rCorr   .          Rampage  .   c - +0 pair of gloves
Will    .....                   R - +0 pair of boots
Stlth   ++........              E - amulet of guardian spirit
HPRegen 0.22/turn               p - ring "Liuwem" {rElec rF+}
MPRegen 0.16/turn               K - +6 ring of intelligence

@: slowed, very slow
A: antennae 1, demonic guardian 2, foul stench 1
a: Renounce Religion, Channel Magic, Forget Spell


You were on level 11 of the Dungeon.
You worshipped Sif Muna.
Sif Muna was most pleased with you.
You visited 1 branch of the dungeon, and saw 11 of its levels.
You also visited: Sewer.

You collected 677 gold pieces.
You spent 442 gold pieces at shops.

Inventory:

Hand Weapons
 a - a +2 spear
 s - a +1 dagger of draining
 B - a +3 rapier of venom
 L - a +4 trident (weapon)
 Q - a +3 falchion of freezing
Missiles
 l - 12 poisoned darts (quivered)
 G - 144 stones
Armour
 c - a +0 pair of gloves (worn)
 e - a +0 robe of willpower
 q - a +1 robe of positive energy
 A - a +0 chain mail of fire resistance
 R - a +0 pair of boots (worn)
 T - the +7 Cigotuvi's embrace (worn) {rMiasma Drain rN+}
   (You found it on level 10 of the Dungeon)

   It gathers nearby corpses to temporarily increase the armour it provides.
   It protects you from foul pestilence.
   rN:        It protects you from negative energy.
   Drain:     It drains your maximum health when unequipped.
 U - +1 acid dragon scales
Magical Staves
 S - a staff of fire
Jewellery
 d - a +4 ring of protection
 p - the ring "Liuwem" (left hand) {rElec rF+}
   (You found it on level 3 of the Dungeon)

   [ring of protection from fire]

   rF:        It protects you from fire.
   rElec:     It insulates you from electricity.
 E - an amulet of guardian spirit (around neck)
 K - a +6 ring of intelligence (right hand)
Wands
 f - a wand of digging (5)
 D - a wand of iceblast (5)
Scrolls
 g - 3 scrolls of noise
 i - 2 scrolls of amnesia {unknown}
 k - 2 scrolls of teleportation
 m - 2 scrolls of fear {unknown}
 o - a scroll of blinking {unknown}
 t - 4 scrolls of enchant armour
 u - 2 scrolls of magic mapping
 v - a scroll of acquirement {unknown}
 y - a scroll of brand weapon {unknown}
 C - 2 scrolls of silence
 F - 2 scrolls of fog {unknown}
 H - a scroll of immolation {unknown}
 M - a scroll of vulnerability {unknown}
Potions
 b - a potion of lignification {unknown}
 h - a potion of magic {unknown}
 j - 3 potions of curing
 n - 2 potions of resistance
 r - 2 potions of attraction
 w - 4 potions of might {unknown}
 x - 2 potions of haste {unknown}
 z - 4 potions of invisibility
 I - a potion of mutation {unknown}
 J - a potion of berserk rage {unknown}
 N - 2 potions of brilliance {unknown}
 O - a potion of heal wounds {unknown}
 P - a potion of cancellation {unknown}


   Skills:
 + Level 5.7 Fighting
 - Level 2.8 Polearms
 - Level 1.0 Throwing
 - Level 1.7 Armour
 - Level 3.0 Stealth
 - Level 6.0 Spellcasting
 - Level 4.0 Conjurations
 - Level 1.5 Necromancy
 - Level 2.0 Translocations
 - Level 2.0 Transmutations
 - Level 2.0 Air Magic
 + Level 8.7 Earth Magic
 - Level 2.0 Poison Magic
 + Level 10.0 Invocations


You couldn't memorise any spells.
You knew the following spells:

 Your Spells              Type           Power      Damage    Failure   Level
a - Stone Arrow           Conj/Erth      66%        3d11      2%          3
b - Blink                 Tloc           28%        N/A       9%          2
c - Mephitic Cloud        Conj/Pois/Air  17%        N/A       13%         3
d - Vampiric Draining     Necr           12%        2d6       21%         3
p - Petrify               Tmut/Erth      28%        N/A       14%         4
s - Sandblast             Erth           84%        2d18      1%          1
w - Passwall              Tmut/Erth      23%        N/A       1%          2
B - Sublimation of Blood  Necr           12%        N/A       10%         2
W - Slow                  Hex            24%        N/A       12%         1

Your spell library contained the following spells:

 Spells                   Type           Power      Damage    Failure   Level
 Summon Small Mammal      Summ           24%        N/A       12%         1
 Scorch                   Fire           12%        2d5       19%         2
 Ignite Poison            Fire/Tmut/Pois 11%        N/A       22%         3
 Call Canine Familiar     Summ           6%         N/A       36%         3
 Confusing Touch          Hex            6%         N/A       36%         3
 Summon Guardian Golem    Hex/Summ       6%         N/A       36%         3
 Flame Wave               Conj/Fire      14%        2d6       47%         4
 Irradiate                Conj/Tmut      9%         3d16      69%         5
 Freezing Cloud           Conj/Ice/Air   7%         6-21      83%         5
 Manifold Assault         Tloc           14%        N/A       83%         5
 Summon Cactus Giant      Summ           3%         N/A       100%        6
 Storm Form               Tmut/Air       7%         N/A       100%        7


Dungeon Overview and Level Annotations

Branches:
Dungeon (11/15)            Temple (0/1) D:5            Lair (0/6) D:11
    Orc (0/2) D:11          Sewer (visited)

Altars:
Cheibriados
Elyvilon
Qazlal
Sif Muna
Uskayaw
Vehumet
Wu Jian
Xom
Yredelemnul
Beogh

Shops:
D:2 (   D:7 :   D:10 [

Annotations:
D:3 black bear, exclusion: downstairs, Ijyb, Sigmund
D:4 exclusion: upstairs
D:7 1 runed translucent door, Maggie; puimuR's ghost, novice SpSu
D:8 exclusion: vampire
D:11 3 runed translucent doors, ALo's ghost, journeyman MiBe; Sonja


Innate Abilities, Weirdness & Mutations

You have a pair of small antennae on your head.
A demonic guardian rushes to your aid.
You may rarely emit foul miasma when damaged in melee.


Message History

The stinking cloud engulfs the two-headed ogre but does no damage.
You hear a shout!
The two-headed ogre is engulfed in noxious fumes.
Unknown command.
The two-headed ogre is engulfed in noxious fumes.
The two-headed ogre appears confused.
The two-headed ogre is engulfed in noxious fumes.
You see here a +0 flail.
Things that are here:
a +0 whip; a +0 leather armour You feel less invigorated.
You see here a +0 flail.
Sonja drinks a potion.
Sonja flickers and vanishes!
Deactivating autopickup; reactivate with Ctrl-A.
The two-headed ogre hits you with a +0 giant club!!
The two-headed ogre hits you with a +0 giant spiked club!!
A curare-tipped dart appears from out of thin air!
The curare-tipped dart hits you.
You are poisoned.
You have difficulty breathing.
You feel yourself slow down.
You feel extremely sick.
A curare-tipped dart appears from out of thin air!
The curare-tipped dart hits you.
You are lethally poisoned!
You have difficulty breathing.
* * * LOW HITPOINT WARNING * * *
You feel as though you will be slow longer.
Okay, then.
Unknown command.
Unknown command.
Okay, then.
Unknown command.
Okay, then.
You feel better.
The two-headed ogre seems less confused.
The two-headed ogre hits you with a +0 giant club!!
* * * LOW HITPOINT WARNING * * *
A demonic guardian appears!
The two-headed ogre hits you with a +0 giant spiked club!!
You die...

*,,,,,,*,,#.......# ****.(...B...
*,,,,,,*,*#.......###............
*,,,,>,*,*#.......'...#*...(.....
*,,,,,,,,*#.......#####*,........
*,,,,,,***#####'### ***####.##
*****,** #...# *,,,* **,,,,**
##)###### *,*** *,,,,,,*
#..){...# *,* *,,,,,,***
#...O@..# *****+**** *,,,,,,',*
#....4..# #>........
*,,,,,,#.###.......#****........(
*,,,,,,#...#.......#,,,+,........
*,,,,,,**#.........#,#**,,.......
*,,,,,,* ###....)..#.###.,,.....,
***'**** #.........#..,,,,....,
*,,* #.......###.#***##'#** **,*
####..#####.#####..#


You could see a two-headed ogre (ally target) and a friendly hellwing
(summoned).

Vanquished Creatures
  A two-headed ogre (D:8)
  A gargoyle (D:11)
  2 trolls
  Prince Ribbit (D:7)
  3 yaks (D:11)
  2 acid dragons
  6 water moccasins
  4 orc warriors
  A sky beast (D:8)
  A black bear (D:11)
  An ogre (D:6)
  6 centaurs
  A kobold brigand (D:4)
  4 bullfrogs
  2 scorpions
  11 wights
  6 howler monkeys
  5 centaur zombies
  5 jellies
  3 hounds
  A gnoll shaman (D:6)
  4 orc priests
  3 bullfrog skeletons
  2 centaur skeletons (D:7)
  4 iguanas
  5 orc wizards
  3 howler monkey zombies (D:9)
  A mummy (D:11)
  11 gnolls
  8 adders
  A river rat (Sewer)
  A shadow imp (D:7)
  An adder skeleton (D:4)
  An adder zombie (D:5)
  2 worms
  3 dart slugs
  27 orcs
  6 bats
  8 endoplasms
  10 giant cockroaches
  6 goblins
  7 hobgoblins
  3 jackals (D:2)
  9 ball pythons
  4 frilled lizards
  10 kobolds
  8 rats
215 creatures vanquished.

Vanquished Creatures (collateral kills)
  An orc warrior (D:9)
  2 wights (D:10)
  2 river rats (Sewer)
  An orc (D:9)
6 creatures vanquished.

Vanquished Creatures (others)
  62 fungi
  43 plants
  4 toadstools (D:2)
109 creatures vanquished.

Grand Total: 330 creatures vanquished

Notes
Turn   | Place    | Note
-------+----------+-------------------------------------------
     0 | D:1      | RepoMan the Demonspawn Wanderer began the quest for the
                  | Orb.
     0 | D:1      | RepoMan set off with the following items: a +2 spear, a +0
                  | pair of gloves, 29 stones, a +0 robe; and the following
                  | spell memorised: Sandblast; and the following spells
                  | available to memorise: Stone Arrow
     0 | D:1      | Reached XP level 1. HP: 15/15 MP: 2/2
   565 | D:1      | Gained mutation: You may rarely emit foul miasma when
                  | damaged in melee. [demonic ancestry]
   565 | D:1      | Reached XP level 2. HP: 18/21 MP: 1/3
  1126 | D:2      | Found Rulug's Antique Weapon Boutique.
  1143 | D:2      | Gained mutation: A weak demonic guardian rushes to your
                  | aid. [demonic ancestry]
  1143 | D:2      | Reached XP level 3. HP: 26/27 MP: 2/4
  1481 | D:2      | Found a faded altar of an unknown god.
  1544 | D:2      | Prayed at the altar of an unknown god.
  1544 | D:2      | Became a worshipper of Sif Muna the Loreminder
  1544 | D:2      | Reached * piety under Sif Muna
  1904 | D:3      | Identified the ring "Liuwem" {rElec rF+}
  2177 | D:3      | Noticed Sigmund
  2316 | D:3      | Reached skill level 1 in Invocations
  2316 | D:3      | Reached XP level 4. HP: 34/34 MP: 1/5
  2413 | D:3      | Noticed Ijyb
  2460 | D:3      | Noticed a black bear
  2556 | D:4      | Noticed a scorpion
  2609 | D:4      | Killed a scorpion
  2610 | D:4      | Reached skill level 2 in Invocations
  2610 | D:4      | Reached XP level 5. HP: 34/39 MP: 7/7
  2704 | D:4      | Found a shimmering altar of Xom.
  2825 | D:4      | Found a glowing drain.
  2834 | Sewer    | Entered a sewer
  2900 | Sewer    | Reached ** piety under Sif Muna
  3294 | Sewer    | Reached skill level 3 in Invocations
  3294 | Sewer    | Gained mutation: A demonic guardian rushes to your aid.
                  | [demonic ancestry]
  3294 | Sewer    | Reached XP level 6. HP: 46/46 MP: 6/9
  3310 | Sewer    | Found a viscous altar of Jiyva.
  3565 | Sewer    | Learned a level 2 spell: Passwall
  3580 | Sewer    | Learned a level 3 spell: Stone Arrow
  4209 | D:4      | Found a radiant altar of Vehumet.
  4376 | D:4      | Gained mutation: You have a pair of small antennae on your
                  | head. [demonic ancestry]
  4376 | D:4      | Reached XP level 7. HP: 38/51 MP: 6/11
  4556 | D:4      | Reached *** piety under Sif Muna
  4797 | D:5      | Entered Level 5 of the Dungeon
  4924 | D:5      | Found a staircase to the Ecumenical Temple.
  5503 | D:5      | Learned a level 2 spell: Sublimation of Blood
  5603 | D:5      | Found an ornate altar of the Wu Jian Council.
  5643 | D:5      | Reached skill level 5 in Earth Magic
  5643 | D:5      | Reached skill level 4 in Invocations
  5703 | D:5      | Noticed a +0 dagger
  5704 | D:5      | Found a hide-covered altar of Uskayaw.
  5704 | D:5      | Noticed a +0 dagger
  5870 | D:5      | Reached skill level 1 in Necromancy
  6481 | D:6      | Reached XP level 8. HP: 57/57 MP: 6/13
  6927 | D:6      | Reached skill level 5 in Invocations
  7571 | D:7      | Reached skill level 6 in Invocations
  7686 | D:7      | Noticed Prince Ribbit
  7904 | D:7      | Reached skill level 5 in Spellcasting
  7967 | D:7      | Found a runed translucent door.
  8308 | D:7      | Reached XP level 9. HP: 63/63 MP: 11/16
  8356 | D:7      | Reached skill level 7 in Invocations
  8373 | D:7      | Noticed Maggie
  8508 | D:8      | Learned a level 4 spell: Petrify
  8510 | D:8      | Learned a level 1 spell: Slow
  8514 | D:8      | Learned a level 3 spell: Vampiric Draining
  8639 | D:8      | Reached **** piety under Sif Muna
  8837 | D:8      | Noticed a two-headed ogre
  9508 | D:7      | Killed Prince Ribbit
  9791 | D:7      | Found a basalt altar of Yredelemnul.
  9807 | D:7      | Found Deggisul's Book Shop.
  9819 | D:7      | Reached skill level 1 in Conjurations
  9834 | D:7      | Bought an Inescapable Atlas for 442 gold pieces
  9837 | D:7      | Learned a level 2 spell: Blink
  9906 | D:7      | Noticed puimuR's ghost (novice SpSu)
 10005 | D:8      | Killed a two-headed ogre
 10006 | D:8      | Reached skill level 8 in Invocations
 10746 | D:9      | You fall into a shaft and drop 2 floors!
 10748 | D:11     | Noticed a troll
 10756 | D:11     | Noticed Sonja
 10763 | D:11     | Reached XP level 10. HP: 25/72 MP: 7/19
 10978 | D:10     | Entered Level 10 of the Dungeon
 11462 | D:9      | Reached skill level 1 in Transmutations
 11725 | D:9      | Learned a level 3 spell: Mephitic Cloud
 11870 | D:10     | Found a stormy altar of Qazlal.
 12045 | D:10     | Found Qifac's Antique Armour Shop.
 12191 | D:10     | Reached skill level 1 in Air Magic
 12191 | D:10     | Reached skill level 1 in Poison Magic
 12191 | D:10     | Reached skill level 9 in Invocations
 12796 | D:10     | Found the +4 Cigotuvi's embrace {rMiasma Drain rN+}
 13335 | D:11     | Found a staircase to the Orcish Mines.
 13351 | D:11     | Noticed a boulder beetle
 13352 | D:11     | Noticed a two-headed ogre
 13358 | D:11     | Found a runed translucent gate.
 13359 | D:11     | Found a runed translucent gate.
 13362 | D:11     | Found a runed translucent gate.
 13362 | D:11     | Noticed a spectral centaur warrior
 13363 | D:11     | Noticed ALo's ghost (journeyman MiBe)
 13363 | D:11     | Noticed a spectral centaur warrior
 13365 | D:11     | Noticed a spectral centaur warrior
 13365 | D:11     | Noticed a spectral centaur warrior
 13376 | D:11     | Noticed a boulder beetle
 13383 | D:11     | Found a snail-covered altar of Cheibriados.
 13404 | D:11     | Noticed an ice dragon
 13430 | D:11     | Noticed a two-headed ogre
 13501 | D:11     | Reached skill level 5 in Fighting
 13606 | D:11     | Noticed a gargoyle
 13609 | D:11     | Killed a gargoyle
 13610 | D:11     | Reached skill level 10 in Invocations
 13636 | D:11     | Demolished by a two-headed ogre

Illustrated notes

Levels and vault maps discovered:
D:1:      dpeg_arrival_houses_and_road, layout_basic, minmay_3d_cube
D:2:      layout_rooms, shapermc_ecumenical_altar_mp_ritualfount, serial_shops,
          nicolae_shop_stone, kennysheep_minor_cross, minmay_gold_behind_fungi
D:3:      layout_basic, lightli_temple_of_fire, minmay_pentomino_pile,
          uniq_sigmund, uniq_ijyb
D:4:      layout_rooms, mainiacjoe_overflow_concentric_impassable,
          mainiacjoe_overflow_catwalk, mainiacjoe_overflow_small_starburst,
          portal_sewer_entry_d
D:5:      layout_basic, nicolae_wu_jian_wuxing_cycle, dancing_weapons_uskayaw,
          minmay_temple_entry_overgrown, hangedman_abyss_or_decor_lesser_grid,
          minmay_misc_feat_four_crosses
D:6:      layout_basic, lemuel_old_faithful
D:7:      layout_loops_ring, mainiacjoe_overflow_alcove_1, serial_shops,
          nicolae_shop_statue_plus, ebering_ghost_reflecting_pool,
          uniq_prince_ribbit1, uniq_maggie
D:8:      layout_cave_pools
D:9:      layout_cave_pools, minmay_quadrilaterals
D:10:     layout_basic, grunt_qazlal_sundering, serial_shops, shop
D:11:     layout_roguey, due_lair_maze_entry_diamond, david_orc_5,
          gammafunk_ghost_necromancy, portal_ice_cave_entry_animals_and_master,
          slow_altar_1, uniq_sonja

Skill      XL: |  1  2  3  4  5  6  7  8  9 10 |
---------------+-------------------------------+-----
Polearms       | 2 |  2.8
Fighting       | 2 3 4 5 |  5.7
Invocations    | 1 2 3 4 6 8 10 | 10.0
Earth Magic    | 2 3 4 5 6 7 8 |  8.7
Spellcasting   | 2 3 5 6 |  6.0
Necromancy     | 1 |  1.5
Stealth        | 3 |  3.0
Conjurations   | 2 4 |  4.0
Translocations | 2 |  2.0
Transmutations | 2 |  2.0
Air Magic      | 2 |  2.0
Poison Magic   | 2 |  2.0
Throwing       | |  1.0
Armour         | |  1.7

Action                   |  1- 3 |  4- 6 |  7- 9 | 10-12 || total
-------------------------+-------+-------+-------+-------++-------
Melee: Spear             |   108 |    60 |       |       ||   168
       Rapier            |       |     6 |    14 |       ||    20
       Punch             |       |     1 |       |     1 ||     2
       Trident           |       |       |    36 |    89 ||   125
Throw: Stone             |     6 |     9 |     1 |       ||    16
       Dart              |       |     5 |    48 |       ||    53
       Throwing net      |       |       |     2 |       ||     2
 Cast: Sandblast         |    32 |    76 |    89 |    10 ||   207
       Passwall          |       |     2 |     1 |     2 ||     5
       Stone Arrow       |       |     1 |    48 |    54 ||   103
       Petrify           |       |       |     2 |     9 ||    11
       Vampiric Draining |       |       |     2 |       ||     2
       Blink             |       |       |     1 |       ||     1
       Irradiate         |       |       |     1 |       ||     1
       Mephitic Cloud    |       |       |       |     7 ||     7
Invok: Divine Exegesis   |       |       |     1 |       ||     1
       Channel Magic     |       |       |       |     3 ||     3
Evoke: Wand              |       |       |     6 |       ||     6
  Use: Scroll            |       |       |    11 |     5 ||    16
       Potion            |       |       |     1 |     1 ||     2
 Stab: Sleeping          |     5 |       |     1 |       ||     6
       Petrified         |       |       |       |    19 ||    19
Armor: Robe              |    19 |     6 |    22 |    19 ||    66
       Leather armour    |       |       |       |     9 ||     9
Dodge: Dodged            |    49 |    28 |    59 |    54 ||   190
